 Dungeon Crawl Stone Soup version 0.19-a0-1937-g70ed36a (webtiles) character file.

21 Kaname the Digger (level 2, -1/19 HPs)
             Began as a Demonspawn Earth Elementalist on Oct 27, 2016.
             Slain by a hobgoblin
             ... wielding a +0 club
              (5 damage)
             ... on level 1 of the Dungeon.
             The game lasted 00:02:14 (1386 turns).

Kaname the Digger (Demonspawn Earth Elementalist)   Turns: 1386, Time: 00:02:15

Health: -1/19      AC:  2    Str:  8    XL:     2   Next: 65%
Magic:  1/5        EV: 17    Int: 16    God:
Gold:   39         SH:  0    Dex: 18    Spells: 1 memorised, 4 levels left

rFire  + . .     SeeInvis .     g - +0 dagger
rCold  . . .     Gourm    .     c - +0 robe
rNeg   . . .     Faith    .     (no shield)
rPois  .         Spirit   .     (no helmet)
rElec  .         Reflect  .     (no cloak)
rCorr  .         Harm     .     (no gloves)
MR     .....                    (no boots)
Stlth  +++.......               (no amulet)
                                (no ring)
                                i - ring of protection from fire

@: agile
A: hooves 1
a: no special abilities


You were on level 1 of the Dungeon.
You were not hungry.

You visited 1 branch of the dungeon, and saw 1 of its levels.

You collected 39 gold pieces.

Inventory:

Hand Weapons
 g - a +0 dagger (weapon)
Missiles
 b - 85 stones (quivered)
Armour
 c - a +0 robe (worn)
Jewellery
 i - a ring of protection from fire (left hand)
Scrolls
 f - a scroll of immolation {unknown}
 h - a scroll of enchant weapon {unknown}
 k - a scroll of enchant armour {unknown}
 l - a scroll of fog {unknown}
 m - a scroll of random uselessness {unknown}
Potions
 j - a potion of invisibility
Books
 e - a book of Geomancy

   Spells                             Type                      Level
   a - Sandblast                      Earth                        1
   b - Passwall                       Transmutation/Earth          2
   c - Stone Arrow                    Conjuration/Earth            3
   d - Petrify                        Transmutation/Earth          4
   e - Lee's Rapid Deconstruction     Earth                        5
Comestibles
 d - 2 bread rations


   Skills:
 - Level 1.7 Dodging
 - Level 1.7 Stealth
 - Level 2.0 Spellcasting
   Level 0.8 Transmutations
 + Level 3.6 Earth Magic


You had 4 spell levels left.
You knew the following spells:

 Your Spells              Type           Power        Failure   Level  Hunger
a - Sandblast             Erth           ##....       6%          1    #......


Dungeon Overview and Level Annotations

Branches:
Dungeon (1/15)

Altars:


Innate Abilities, Weirdness & Mutations

You have large cloven feet.


Message History

The hobgoblin is moderately wounded.
The hobgoblin barely misses you.
You closely miss the hobgoblin.
You kick the hobgoblin, but do no damage.
The hobgoblin is moderately wounded.
The hobgoblin hits you with a club.
Casting: Sandblast
Confirm with . or Enter, or press ? or * to list all spells.
Aiming: Sandblast
Press: ? - help, Shift-Dir - straight line, f - hobgoblin
Aim: a hobgoblin, wielding a club (moderately wounded)
The blast of sand hits the hobgoblin.
The hobgoblin is almost dead.
The hobgoblin hits you with a club.
* * * LOW HITPOINT WARNING * * *
A jackal comes into view.
It was a potion of agility.
You feel agile all of a sudden. The hobgoblin hits you with a club.
You die...

.#..........#####.###.###..
......>....................
.#................###.#....
......#.......#.........)..
.........รท#[#########......
.#........#.# ####..#
......>...#h# #...
.(........#g# #..#
..........@.# ########..#
.l.h.######## ...........
..... .......)... .....
##### ........... #...#
........... #.<.#
.......#.## #...# .......#.#
#...# .......#.## ####'###
########.#.


You could see 2 jackals and a hobgoblin.

Vanquished Creatures
  A giant cockroach (D:1)
  5 goblins (D:1)
  3 hobgoblins (D:1)
  4 jackals (D:1)
  3 kobolds (D:1)
  A bat (D:1)
  A rat (D:1)
18 creatures vanquished.

Notes
Turn   | Place    | Note
-------+----------+-------------------------------------------
     0 | D:1      | Kaname the Demonspawn Earth Elementalist began the quest for the Orb.
     0 | D:1      | Reached XP level 1. HP: 13/13 MP: 3/3
   314 | D:1      | Reached skill level 3 in Earth Magic
   822 | D:1      | Gained mutation: You have large cloven feet. [demonic ancestry]
   822 | D:1      | Reached XP level 2. HP: 19/19 MP: 3/5
  1386 | D:1      | Slain by a hobgoblin

Vault maps used:
D:1:      dpeg_arrival_erosion, serial_forest, infiniplex_forest_lined_ring,
          infiniplex_forest_straight_4, infiniplex_forest_lined_corner,
          infiniplex_forest_diagonal, infiniplex_forest_straight_4,
          infiniplex_forest_straight_5, infiniplex_forest_clump_curved,
          infiniplex_forest_clump_tiny, infiniplex_forest_clump_long

Skill      XL: |  1 |
---------------+----+-----
Earth Magic    | 3 |  3.6
Dodging        | |  1.7
Stealth        | |  1.7
Spellcasting   | |  2.0
Transmutations | |  0.8

Action                   || total
-------------------------++-------
Melee: Dagger            ||    59
       Unarmed           ||     5
       Kick              ||    12
 Cast: Sandblast         ||    31
  Use: Potion            ||     2
 Stab: Invisible         ||     2
  Eat: Chunk             ||     2
Armor: Robe              ||    16
Dodge: Dodged            ||    52
